 Dungeon Crawl Stone Soup version 0.28.0-43-g3370ac3207 (webtiles) character file.

Game seed: 2673381196222394179

92 demenzo the Ducker (level 4, 0/34 HPs)
             Began as a Djinni Gladiator on Mar 1, 2022.
             Was an Initiate of Wu Jian.
             Killed from afar by an orc wizard (6 damage)
             ... with a magic dart
             ... on level 3 of the Dungeon.
             The game lasted 00:03:59 (2751 turns).

demenzo the Ducker (Djinni Gladiator)               Turns: 2751, Time: 00:03:59

Health: 0/34       AC:  4    Str: 15    XL:     4   Next: 90%
Gold:   78         EV: 13    Int:  9    God:    Wu Jian [......] SH:  0 Dex: 15

rFire   + + .      SeeInvis .   a - +0 long sword
rCold   x . .      Faith    .   (no shield)
rNeg    . . .      Spirit   .   b - +0 leather armour
rPois   ∞          Reflect  .   c - +0 helmet
rElec   .          Harm     .   (no cloak)
rCorr   .          Rampage  .   (no gloves)
Will    .....                   (boots unavailable)
Stlth   +.........              (no amulet)
HPRegen 0.11/turn               (no ring)
MPRegen 0.00/turn               (no ring)

@: flying
A: sickness immunity, fire resistance 2, cold vulnerability 1, float, innate
caster, HP casting, extra vitality 1
a: Renounce Religion


You were on level 3 of the Dungeon.
You worshipped Wu Jian.
Wu Jian was noncommittal.
You visited 1 branch of the dungeon, and saw 3 of its levels.

You collected 149 gold pieces.
You spent 71 gold pieces at shops.

Inventory:

Hand Weapons
 a - a +0 long sword (weapon)
Missiles
 d - 3 throwing nets (quivered)
 g - 61 stones
 j - 23 sling bullets
 l - 4 javelins
Armour
 b - a +0 leather armour (worn)
 c - a +0 helmet (worn)
 h - a +0 plate armour
Scrolls
 e - 2 scrolls of enchant weapon
 f - 2 scrolls of identify
 i - 2 scrolls of fog {unknown}
 n - a scroll of magic mapping
 o - a scroll of blinking {unknown}
 p - a scroll of noise {unknown}
Potions
 k - 2 potions of lignification
 m - a potion of flight
 q - a potion of brilliance {unknown}


   Skills:
 + Level 2.8 Fighting
 * Level 3.9 Long Blades
 - Level 1.5 Throwing
 + Level 4.0 Dodging


You had 2 spell levels left.
You knew the following spells:

 Your Spells              Type           Power      Damage    Failure   Level
a - Apportation           Tloc           0%         N/A       45%         1
Your spell library was empty.

Dungeon Overview and Level Annotations

Branches:
Dungeon (3/15)

Altars:
Wu Jian

Shops:
D:2 ?


Innate Abilities, Weirdness & Mutations

You are immune to sickness and miasma.
You are immune to poison.
Your flesh is very heat resistant. (rF++)
You are vulnerable to cold. (rC-)
You float through the air rather than walking.
You learn spells naturally, not from books.
Your magical power is your life essence.
You have superior vitality. (+4 MHP)


Message History

The magic dart hits you.
You miss something.
You hear some strange, mumbled words.
Something tries to affect you, but you resist.
You miss something. Something hits you but does no damage.
You completely miss something. Something hits you but does no damage.
You miss something. Something hits you but does no damage. Something hits you.
You closely miss something. Something hits you but does no damage.
You hit something. Something hits you.
You barely miss something.
You hear some strange, mumbled words.
A magic dart appears from out of thin air!
The magic dart hits you.
You closely miss something.
You hear some strange, mumbled words.
A puff of flame appears from out of thin air!
The puff of flame misses you.
You barely miss something.
You hear some strange, mumbled words.
You are confused.
Something hits you.
You're too confused to attack without stumbling around!
You're too confused to attack without stumbling around!
You're too confused to attack without stumbling around!
You're too confused to attack without stumbling around!
You're too confused to attack without stumbling around!
You're too confused to attack without stumbling around!
A magic dart appears from out of thin air!
The magic dart hits you.
You feel less confused. Something hits you.
You miss something.
You hear some strange, mumbled words.
A magic dart appears from out of thin air!
The magic dart hits you.
* * * LOW HITPOINT WARNING * * *
You hear some strange, mumbled words.
A magic dart appears from out of thin air!
The magic dart hits you.
You die...

#...### #!.....PP....#
#...# #.###.......##
#...##########.# ####.####
#...........##.## ##.####
#...##..........# #.....#
.......##.##....####.....#
........#.#.............>#
......#.....#...{.##.....#
#.....##...##...@.##.....#
#........_........########
#.....##.).##.....#
#.....#.....#.....#
#.......#.#.......#
.....##.##......# .....
.....#......
.##.#.....########. #.
....# .


There were no monsters in sight!

Vanquished Creatures
  A hound (D:3)
  An adder (D:2)
  A worm (D:2)
  4 orcs (D:3)
  3 bats (D:1)
  8 endoplasms
  4 giant cockroaches
  A goblin (D:1)
  4 hobgoblins
  2 quokkas
  2 ball pythons
  4 frilled lizards
  7 kobolds (D:1)
  4 rats
46 creatures vanquished.

Notes
Turn   | Place    | Note
-------+----------+-------------------------------------------
     0 | D:1      | demenzo the Djinni Gladiator began the quest for the Orb.
     0 | D:1      | Reached XP level 1. HP: 18/18 MP: 0/0
   221 | D:1      | Reached XP level 2. HP: 23/23 MP: 0/0
   632 | D:1      | Reached XP level 3. HP: 25/29 MP: 0/0
   632 | D:1      | Learned a level 1 spell: Apportation
  1568 | D:2      | Found a faded altar of an unknown god.
  1691 | D:2      | Found Zucokips's Magic Scroll Shoppe.
  1699 | D:2      | Bought a scroll of magic mapping for 45 gold pieces
  1699 | D:2      | Bought a scroll of identify for 26 gold pieces
  1887 | D:2      | Reached XP level 4. HP: 32/34 MP: 0/0
  2260 | D:3      | Reached skill level 4 in Dodging
  2519 | D:3      | Found an ornate altar of the Wu Jian Council.
  2683 | D:3      | Became a worshipper of the Wu Jian Council
  2751 | D:3      | Killed from afar by an orc wizard

Illustrated notes

Levels and vault maps discovered:
D:1:      zaba_arrival_water, layout_rooms
D:2:      layout_loops_corners, serial_shops, shop_statue,
          basic_ecumenical_altar
D:3:      layout_loops_cross, mainiacjoe_overflow_small_starburst,
          nicolae_qazlal_general_emergency, serial_bayou, serial_bayou_lagoon_b,
          serial_bayou_pond_b, serial_bayou_pond_b, serial_bayou_crossing,
          chequers_big_river

Skill      XL: |  1  2  3  4 |
---------------+-------------+-----
Long Blades    | 3 |  3.9
Dodging        | 4 |  4.0
Fighting       | |  2.8
Throwing       | |  1.5

Action                   |  1- 3 |  4- 6 || total
-------------------------+-------+-------++-------
Melee: Long sword        |    98 |    69 ||   167
       Punch             |     1 |       ||     1
  Use: Scroll            |     3 |       ||     3
 Stab: Sleeping          |     1 |       ||     1
Armor: Leather armour    |    26 |    19 ||    45
Dodge: Dodged            |    58 |    25 ||    83
